 Dungeon Crawl Stone Soup version 0.27.1 (webtiles) character file.

Game seed: 13064643594775327264

51 Malachi the Chucker (level 3, -8/36 HPs)
             Began as an Ogre Hunter on Aug 25, 2021.
             Was an Initiate of Gozag.
             Mangled by a gnoll (11 damage)
             ... on level 2 of the Dungeon.
             The game lasted 00:01:58 (1666 turns).

Malachi the Chucker (Ogre Hunter)                   Turns: 1666, Time: 00:01:58

Health: -8/36      AC:  3    Str: 17    XL:     3   Next: 83%
Magic:  3/3        EV: 10    Int: 12    God:    Gozag
Gold:   88         SH:  0    Dex:  9    Spells: 2/2 levels left

rFire    + . .     SeeInvis .   a - +0 short sword
rCold    + . .     Faith    .   (no shield)
rNeg     . . .     Spirit   .   b - +0 robe
rPois    .         Reflect  .   (helmet restricted)
rElec    .         Harm     .   f - scarf {rC+ rF+}
rCorr    .         Rampage  .   (gloves unavailable)
Will     .....                  (boots unavailable)
Stlth    +.........             (no amulet)
HPRegen  0.12/turn              (no ring)
MPRegen  0.08/turn              (no ring)

@: gold aura
A: large, unfitting armour, tough skin 1
a: Renounce Religion, Potion Petition, Call Merchant, Bribe Branch


You were on level 2 of the Dungeon.
You worshipped Gozag.
Gozag was noncommittal.
You visited 1 branch of the dungeon, and saw 2 of its levels.

You collected 88 gold pieces.

Inventory:

Hand Weapons
 a - a +0 short sword (weapon)
Missiles
 e - 53 stones (quivered)
Armour
 b - a +0 robe (worn)
 f - a scarf of resistance (worn)
Jewellery
 i - a ring of willpower
Scrolls
 g - a scroll of immolation {unknown}
 j - 2 scrolls of blinking {unknown}
Potions
 h - a potion of curing {unknown}


   Skills:
 + Level 2.9 Fighting
 + Level 0.5 Short Blades
 + Level 5.0 Throwing
 + Level 2.0 Dodging
 + Level 0.7 Stealth


You had 2 spell levels left.
You didn't know any spells.
Your spell library was empty.

Dungeon Overview and Level Annotations

Branches:
Dungeon (2/15)

Altars:
Gozag


Innate Abilities, Weirdness & Mutations

You are too large for most types of armour.
You have tough skin. (AC +1)


Message History

Press: ? - help, Q - select action, (/) - cycle Shift-Dir - straight line, f - gnoll
Aim: a gnoll, wielding a +0 flail (moderately wounded, 61% to hit)
You throw a stone. The stone barely misses the gnoll.
The gnoll hits you with a +0 flail!
Throw: 58 stones
Press: ? - help, Q - select action, (/) - cycle Shift-Dir - straight line, f/p - gnoll
Aim: a gnoll, wielding a +0 flail (moderately wounded, 61% to hit)
You throw a stone.
The stone hits the gnoll but does no damage.
The gnoll is moderately wounded.
The gnoll closely misses you.
Throw: 57 stones
Press: ? - help, Q - select action, (/) - cycle Shift-Dir - straight line, f/p - gnoll
Aim: a gnoll, wielding a +0 flail (moderately wounded, 61% to hit)
You throw a stone. The stone hits the gnoll.
The gnoll is moderately wounded.
The gnoll hits you with a +0 flail!
* * * LOW HITPOINT WARNING * * *
Throw: 56 stones
Press: ? - help, Q - select action, (/) - cycle Shift-Dir - straight line, f/p - gnoll
Aim: a gnoll, wielding a +0 flail (moderately wounded, 61% to hit)
You throw a stone.
The stone hits the gnoll but does no damage.
The gnoll is moderately wounded.
The gnoll closely misses you.
Throw: 55 stones
Press: ? - help, Q - select action, (/) - cycle Shift-Dir - straight line, f/p - gnoll
Aim: a gnoll, wielding a +0 flail (moderately wounded, 61% to hit)
You throw a stone.
The stone hits the gnoll but does no damage.
The gnoll is moderately wounded.
Throw: 54 stones
Press: ? - help, Q - select action, (/) - cycle Shift-Dir - straight line, f/p - gnoll
Aim: a gnoll, wielding a +0 flail (moderately wounded, 61% to hit)
You throw a stone.
The stone hits the gnoll but does no damage.
The gnoll is moderately wounded.
The gnoll hits you with a +0 flail!
You die...
Your body crumbles into a pile of gold.

#...............# #.
##.......######.########.
##...>.## #..........
####.## ##########. #.#
#. #.## #. #..## #. ##..#
#. ##@# #. #g# .. #(# #.
#(# #. #..($..(.......
##..####.####.# # .# ..
...


You could see a gnoll.

Vanquished Creatures
  2 gnolls (D:2)
  An adder (D:2)
  A dart slug (D:1)
  2 ball pythons (D:1)
  2 bats
  An endoplasm (D:1)
  A giant cockroach (D:1)
  4 goblins
  A hobgoblin (D:1)
  A quokka (D:1)
  2 frilled lizards (D:1)
  A kobold (D:2)
  2 rats (D:1)
21 creatures vanquished.

Notes
Turn   | Place    | Note
-------+----------+-------------------------------------------
     0 | D:1      | Malachi the Ogre Hunter began the quest for the Orb.
     0 | D:1      | Reached XP level 1. HP: 22/22 MP: 1/1
   245 | D:1      | Reached XP level 2. HP: 29/29 MP: 2/2
   685 | D:1      | Found a faded altar of an unknown god.
   714 | D:1      | Became a worshipper of Gozag Ym Sagoz the Greedy
  1293 | D:2      | Reached XP level 3. HP: 24/36 MP: 3/3
  1644 | D:2      | Reached skill level 5 in Throwing
  1666 | D:2      | Mangled by a gnoll

Illustrated notes

Levels and vault maps discovered:
D:1:      dpeg_arrival_simpleton_a, layout_basic,
          shapermc_ecumenical_altar_starsandcircs
D:2:      layout_rooms, minmay_pentomino_u2

Skill      XL: |  1  2  3 |
---------------+----------+-----
Throwing       | 5 |  5.0
Dodging        | 2 |  2.0
Fighting       | |  2.9
Short Blades   | |  0.5
Stealth        | |  0.7

Action                   || total
-------------------------++-------
Melee: Short sword       ||    57
Throw: Large rock        ||    15
       Throwing net      ||     3
       Stone             ||    10
 Stab: Held in net/web   ||     1
       Sleeping          ||     1
Armor: Robe              ||    22
Dodge: Dodged            ||    42
